 Dungeon Crawl Stone Soup version 0.28-a0-724-g66f9036eb4 (webtiles) character file.

Game seed: 8116954344330122575

154 AarnesTheHuman the Shield-Bearer (level 5, 0/42 HPs)
             Began as a Formicid Fighter on Oct 27, 2021.
             Succumbed to an orc's poison
             ... on level 3 of the Dungeon.
             The game lasted 00:02:17 (2609 turns).

AarnesTheHuman the Shield-Bearer (Formicid Fighter) Turns: 2609, Time: 00:02:18

Health: 0/42       AC:  7    Str: 22    XL:     5   Next: 63%
Magic:  5/5        EV:  9    Int:  7    God:
Gold:   72         SH:  4    Dex: 10    Spells: 4/4 levels left

rFire   . . .      SeeInvis +   a - +0 long sword
rCold   . . .      Faith    .   c - +0 buckler
rNeg    . . .      Spirit   .   b - +0 scale mail
rPois   .          Reflect  .   (helmet unavailable)
rElec   .          Harm     .   (no cloak)
rCorr   .          Rampage  .   (no gloves)
Will    .....                   (no boots)
Stlth   ..........              (no amulet)
HPRegen 0.14/turn               (no ring)
MPRegen 0.09/turn               (no ring)

@: lethally poisoned (0 -> -17)
A: permanent stasis, dig shafts and tunnels, antennae 3, four strong arms
a: Dig, Shaft Self


You were on level 3 of the Dungeon.
You visited 1 branch of the dungeon, and saw 3 of its levels.

You collected 72 gold pieces.

Inventory:

Hand Weapons
 a - a +0 long sword (weapon)
Missiles
 f - 7 poisoned darts
Armour
 b - a +0 scale mail (worn)
 c - a +0 buckler (worn)
Magical Staves
 h - a staff of death
Wands
 k - a wand of charming (6)
Scrolls
 e - 7 scrolls of identify {unknown}
Potions
 d - a potion of might
 i - a potion of haste {unknown}
 j - a potion of heal wounds {unknown}


   Skills:
 + Level 4.2 Fighting
 + Level 3.1 Long Blades
 + Level 4.3 Armour
 + Level 4.7 Shields


You had 4 spell levels left.
You didn't know any spells.
Your spell library was empty.

Dungeon Overview and Level Annotations

Branches:
Dungeon (3/15)

Altars:


Innate Abilities, Weirdness & Mutations

You cannot be hasted, slowed, berserked, paralysed or teleported.
You can dig through walls and to a lower floor.
You have a pair of large antennae on your head. (SInv)
Your four strong arms can wield two-handed weapons with a shield.


Message History

The orc hits you with a +0 war axe. The orc hits you but does no damage.
You closely miss the orc.
The orc is heavily wounded.
The orc closely misses you. The orc hits you but does no damage.
You closely miss the orc.
The orc is heavily wounded.
The orc closely misses you. The orc hits you but does no damage.
You are poisoned.
You slash the orc!
You kill the orc!
You feel very sick. The orc hits you but does no damage.
Your scale mail prevents you from hitting the orc.
You feel sick. You block the orc's attack.
The orc hits you with a +0 short sword. The orc hits you but does no damage. x2
You hit the orc.
The orc is moderately wounded.
You feel sick. The orc misses you. The orc hits you but does no damage.
The orc closely misses you.
You closely miss the orc.
The orc is moderately wounded.
You feel sick. The orc closely misses you. The orc hits you but does no damage.
The orc hits you with a +2 dagger of venom.
You are more poisoned.
You slash the orc!
You kill the orc!
You feel very sick. The orc closely misses you. x2
You slash the orc!
You kill the orc!
You feel very sick. The orc barely misses you.
You hit the orc.
The orc is severely wounded.
You feel sick. The orc hits you but does no damage.
The orc hits you with a +2 dagger of venom.
* * * LOW HITPOINT WARNING * * *
You are more poisoned.
It was a potion of cancellation.
You feel magically purged.
You die...

###..#### #........
############)#..######
.......<.............#
.<...........)...###.
#.##########.##..##
#.###..# #.# #..## #.#
#@).# { #.# #)o.# #..
....... .. ..........
##........# #.........
#.#.)#.### #. .....


You could see an orc.

Vanquished Creatures
  An orc priest (D:2)
  Jessica (D:3)
  2 orc wizards
  2 worms (D:2)
  6 orcs
  5 endoplasms
  3 giant cockroaches
  3 goblins (D:2)
  2 hobgoblins (D:2)
  3 jackals (D:2)
  A kobold (D:2)
  A quokka (D:2)
  4 ball pythons
  4 bats
  A frilled lizard (D:2)
  A rat (D:2)
40 creatures vanquished.

Notes
Turn   | Place    | Note
-------+----------+-------------------------------------------
     0 | D:1      | AarnesTheHuman the Formicid Fighter began the quest for the
                  | Orb.
     0 | D:1      | Reached XP level 1. HP: 18/18 MP: 1/1
   754 | D:1      | Reached XP level 2. HP: 19/24 MP: 2/2
  1045 | D:2      | Reached XP level 3. HP: 18/29 MP: 3/3
  1596 | D:2      | Reached XP level 4. HP: 18/37 MP: 4/4
  2427 | D:2      | Reached XP level 5. HP: 42/42 MP: 5/5
  2469 | D:3      | Noticed Jessica
  2487 | D:3      | Killed Jessica
  2609 | D:3      | Succumbed to an orc's poison

Illustrated notes

Levels and vault maps discovered:
D:1:      sevenhm_arrival_forest_fort_small_6, layout_basic
D:2:      cheibrodos_pilgrimage, layout_loops_ring
D:3:      layout_basic, hellmonk_ecumenical_altar_pennies_from_heaven,
          minmay_misc_feat_iff, uniq_jessica

Skill      XL: |  1  2  3  4  5 |
---------------+----------------+-----
Shields        | 4 |  4.7
Fighting       | 4 |  4.2
Armour         | 4 |  4.3
Long Blades    | 3 |  3.1

Action                   |  1- 3 |  4- 6 || total
-------------------------+-------+-------++-------
Melee: Long sword        |   114 |    54 ||   168
 Abil: Dig               |     1 |       ||     1
  Use: Potion            |       |     1 ||     1
Armor: Scale mail        |    71 |    26 ||    97
Dodge: Dodged            |    61 |    21 ||    82
Block: Buckler           |    35 |     8 ||    43

Table legend: (Time is in decaauts)
 A = Elapsed time spent in this place.
 B = Non-inter-level travel time spent in this place.
 C = Inter-level travel time spent in this place.
 D = Time resting spent in this place.
 E = Time spent auto-exploring this place.
 F = Levels seen in this place.
 G = Mean time per level.
                   A        B        C        D        E       F      G
               +--------+--------+--------+--------+--------+-----+--------+
         Total |   2656 |   2584 |     72 |    404 |   1785 |   3 |  885.3 |
       Dungeon |   2656 |   2584 |     72 |    404 |   1785 |   3 |  885.3 |
               +--------+--------+--------+--------+--------+-----+--------+

Top non-repeatable levels by time:
     D:2: 1585 daAuts
     D:1: 922 daAuts
     D:3: 149 daAuts
